AoeStats
← So sad

Nomad

508946342Analyzed
3v3 RM · 6d ago on Sep 24, 2026· 46m 58s· 6 players
Game mode
Random Map
Map size
210×210
Population
200
Speed
Normal
Resources
Standard
Victory
Conquest
Starting age
Dark Age
Ending age
Imperial Age
RankedLock teamsTeams togetherTeam positionsShared explorationLock speedFull tech treeHidden civsTurbo modeCheats
Victory
Defeat
🇺🇦 Malians · Ukraine
1371
+14
🇧🇾 Portuguese · Belarus
1365
+15
🇧🇾 Gurjaras · Belarus
1358
+15
🇪🇸 Bengalis · Spain
1402
-18
🇪🇸 Muisca · Spain
1331
-14
🇩🇴 Malay · Dominican Republic
1267
-12
So sad
3:22 Loom
13:47 Feudal Age
14:19 Town Watch
18:45 Castle Age
18:08 Stone Mining
18:10 Double-Bit Axe
20:01 Fletching
21:39 Fishing Lines
24:22 Scale Barding Armor
24:29 Forging
26:23 Bloodlines
29:33 Bow Saw
31:04 Gold Mining
31:24 Horse Collar
33:01 Husbandry
34:30 Iron Casting
35:04 Gold Shaft Mining
35:04 Stone Shaft Mining
35:59 Wheelbarrow
35:11 Light Cavalry
36:04 Gillnets
39:51 Imperial Age
38:39 Hand Cart
38:54 Town Patrol
41:40 Treadmill Crane
43:01 Chemistry
42:11 Masonry
41:59 Murder Holes
41:37 Hussar
42:58 Chain Barding Armor
43:46 Stone Shaft Mining
44:38 Conscription
44:25 Kshatriyas
45:38 Hoardings
47:24 Plate Barding Armor
46:45 Bodkin Arrow
NiL
10:10 Loom
12:50 Feudal Age
15:27 Fletching
21:47 Castle Age
21:59 Double-Bit Axe
24:02 Demolition Ship
28:13 Fishing Lines
30:20 Bodkin Arrow
30:40 Forging
32:56 Gillnets
35:52 Bow Saw
35:36 Horse Collar
37:12 Wheelbarrow
36:23 Town Watch
37:31 Scale Mail Armor
37:54 Squires
40:04 Hand Cart
41:28 Iron Casting
41:08 Chain Mail Armor
43:30 Imperial Age
41:26 Tigui
42:41 Gold Mining
44:44 Elite Gbeto
45:50 Conscription
47:12 Scale Barding Armor
47:43 Iron Casting
HURMA
4:28 Loom
13:31 Feudal Age
14:03 Fishing Lines
14:46 Double-Bit Axe
16:28 Wheelbarrow
21:53 Castle Age
20:02 Fletching
21:12 Gold Mining
21:52 Stone Mining
22:43 Gillnets
23:11 Medium Warships
23:39 Bodkin Arrow
23:44 Town Watch
24:15 Hand Cart
25:45 Clinker Construction
26:45 Careening
27:13 Ballistics
28:51 Bow Saw
32:39 Horse Collar
32:56 Pikeman
33:47 Treadmill Crane
35:20 Bloodlines
35:46 Scale Barding Armor
37:14 Stone Shaft Mining
37:03 Chain Barding Armor
37:44 Forging
41:11 Imperial Age
38:16 Light Cavalry
38:57 Husbandry
40:22 Heavy Plow
41:05 Iron Casting
40:43 Masonry
43:01 Plate Barding Armor
43:00 Architecture
44:04 Chemistry
44:49 Bracer
44:55 Cavalier
46:39 Blast Furnace
45:40 Padded Archer Armor
46:36 Conscription
46:39 Siege Engineers
Grimbel
4:37 Loom
14:17 Feudal Age
14:59 Double-Bit Axe
15:06 Gold Mining
17:39 Fishing Lines
18:36 Forging
22:58 Castle Age
23:49 Medium Warships
23:33 Gillnets
24:58 Iron Casting
25:05 Bow Saw
27:07 Stone Mining
27:53 Gold Shaft Mining
27:00 Horse Collar
28:57 Wheelbarrow
28:08 Town Watch
30:13 Scale Barding Armor
30:13 Fletching
30:54 Hand Cart
31:50 Bloodlines
31:59 Paiks
35:25 Bodkin Arrow
38:19 Chain Barding Armor
38:57 Pikeman
41:06 Ballistics
40:57 Masonry
43:23 Imperial Age
41:08 Husbandry
41:50 Squires
42:14 Scale Mail Armor
43:41 Chain Mail Armor
44:39 Architecture
46:15 Chemistry
45:17 Bracer
46:14 Conscription
Ponfe
4:46 Loom
12:45 Feudal Age
17:01 Castle Age
15:01 Double-Bit Axe
17:29 Forging
17:54 Medium Warships
21:34 Bow Saw
23:35 Gold Mining
28:57 Horse Collar
30:43 Stone Mining
34:09 Wheelbarrow
33:20 Town Watch
33:48 Heavy Plow
35:56 Redemption
36:09 Sanctity
39:16 Fervor
41:43 Hand Cart
46:33 Imperial Age
44:50 Gold Shaft Mining
45:14 Masonry
45:08 Scale Mail Armor
45:44 Iron Casting
45:02 Fletching
45:12 Padded Archer Armor
Nicolukas
5:25 Loom
13:49 Feudal Age
14:36 Fletching
24:46 Castle Age
30:19 Double-Bit Axe
32:28 Bodkin Arrow
31:55 Crossbowman
39:51 Ballistics
44:16 Horse Collar
Connection lost

Rejoining the realm…

Still unreachable

The connection could not be restored.

Session expired

The server has moved on; the page needs a fresh start.